Map: Pillars of Gold LE

Players

Kelazhur - Winner!

  • Race: Terran Terran
  • Spawn Location: 1:00

Hurricane

  • Race: Protoss Protoss
  • Spawn Location: 7:00

Event: IEM Katowice 2021

VOD

Have the link to the VOD?

Description

Time

  • Played on: Feb. 20, 2021, 12:39 p.m.
  • Length: 12:36

All games in this series

Show
View Real Time Build Order
Export as new Build Order

Kelazhur Terran - Winner!

Build Orders: Reaper Expand 

Get SALT Encoding   

  12  0:00  SCV  
  13  0:12  SCV  
  14  0:17  Supply Depot  
  14  0:24  SCV  
  15  0:39  SCV  
  15  0:41  Barracks  
  16  0:45  Refinery  
  16  0:51  SCV  
  17  1:03  SCV  
  18  1:15  SCV  
  19  1:28  Reaper, Orbital Command  
  20  1:42  Command Center  
  20  1:53  Supply Depot  
  20  1:54  SCV  
  20  2:00  Marine  
  22  2:07  SCV  
  23  2:10  Factory  
  23  2:19  SCV  
  24  2:23  Bunker  
  24  2:24  Barracks Reactor  
  24  2:29  Refinery  
  24  2:32  SCV  
  25  2:44  SCV  
  26  2:54  Orbital Command  
  26  2:59  Hellion, Starport  
  26  3:00  SCV  
  26  3:03  Marine x2  
  31  3:13  SCV  
  32  3:22  Marine x2  
  32  3:23  SCV  
  35  3:29  Widow Mine  
  35  3:30  SCV  
  38  3:35  Barracks  
  38  3:36  Medivac  
  38  3:38  SCV  
  38  3:41  Supply Depot  
  41  3:43  SCV  
  41  3:44  Marine  
  41  3:48  Marine  
  44  3:50  SCV  
  45  3:55  SCV, Factory Tech Lab  
  45  4:00  Barracks  
  46  4:06  SCV  
  47  4:10  Marine x2  
  47  4:11  SCV  
  47  4:16  Supply Depot  
  50  4:17  Starport Tech Lab  
  50  4:18  SCV  
  50  4:23  SCV, Engineering Bay  
  52  4:28  Refinery  
  52  4:29  Marine  
  52  4:30  SCV  
  54  4:38  SCV  
  55  4:40  Stimpack, Marauder  
  55  4:43  SCV  
  58  4:50  SCV  
  58  4:51  Marine x2  
  59  4:55  SCV  
  57  5:00  Terran Infantry Weapons Level 1  
  57  5:01  Marauder  
  57  5:02  SCV, Refinery  
  57  5:04  Starport Reactor  
  57  5:05  Combat Shield  
  57  5:06  Marauder  
  62  5:09  Factory Reactor  
  62  5:12  Supply Depot  
  62  5:28  Supply Depot  
  62  5:29  Supply Depot  
  62  5:34  SCV x2, Marine x2, Marauder x2  
  70  5:37  Supply Depot  
  70  5:49  Medivac, SCV, Widow Mine x2  
  77  5:51  Medivac  
  77  5:54  Marine x2  
  77  5:55  SCV  
  77  5:56  Marauder x2  
  86  6:01  SCV  
  87  6:08  Command Center  
  87  6:12  Marine x2  
  87  6:14  Widow Mine  
  87  6:17  Marauder  
  93  6:26  SCV  
  94  6:33  Supply Depot  
  94  6:35  SCV, Marauder, Widow Mine  
  94  6:37  Marine x2  
  101  6:50  Marauder  
  98  6:56  Marauder  
  98  6:58  SCV  
  98  6:59  SCV  
  95  7:01  Marine  
  95  7:02  Widow Mine x2  
  93  7:10  SCV  
  93  7:11  Marauder, SCV  
  93  7:18  Marauder  
  93  7:22  SCV  
  94  7:26  SCV  
  94  7:28  Widow Mine x2, Marine  
  93  7:31  Terran Infantry Armor Level 1  
  93  7:33  Marauder  
  93  7:34  SCV  
  96  7:38  SCV  
  96  7:39  Marauder  
  96  7:40  Marine, Missile Turret  
  96  7:41  Orbital Command  
  96  7:43  Missile Turret  
  100  7:46  SCV, Marine  
  100  7:49  Armory  
  100  7:50  SCV  
  103  7:53  Barracks  
  103  7:55  Barracks  
  103  7:58  SCV  
  104  7:59  Marine  
  104  8:00  Marauder, Marine  
  104  8:02  SCV  
  104  8:05  Marine  
  110  8:06  Widow Mine x2  
  110  8:11  SCV  
  115  8:13  SCV  
  115  8:14  Medivac, SCV  
  115  8:18  Marauder  
  120  8:21  Marauder  
  120  8:23  SCV  
  117  8:28  Supply Depot  
  112  8:36  Marine  
  112  8:40  Marauder  
  112  8:43  Marauder  
  112  8:48  Widow Mine x2  
  104  8:50  Medivac x2  
  104  8:52  Barracks Reactor  
  104  8:53  Barracks Tech Lab  
  104  8:55  Marine x2  
  103  8:56  Engineering Bay  
  103  8:57  Concussive Shells  
  103  8:58  SCV x2  
  103  9:00  SCV  
  103  9:01  Marauder  
  108  9:04  Marauder  
  110  9:10  SCV  
  110  9:11  SCV  
  110  9:13  Marauder  
  110  9:17  Marine x2  
  110  9:20  SCV  
  110  9:22  SCV  
  110  9:23  Marauder  
  116  9:24  Terran Infantry Weapons Level 2  
  116  9:25  Marauder, Liberator x2  
  116  9:28  Bunker  
  116  9:30  Marine  
  116  9:31  Marine  
  126  9:34  Marauder  
  128  9:38  Marine x2  
  128  9:43  Supply Depot x2  
  128  9:44  Marauder, Supply Depot  
  132  9:46  Marine  
  133  9:53  Marine  
  133  10:04  Marine x4  
  133  10:05  Marauder x2  
  141  10:07  Terran Infantry Armor Level 2  
  141  10:09  Medivac x2  
  141  10:11  Marine  
  144  10:20  SCV x2  
  142  10:22  Marauder, Marine x3  
  142  10:26  Marauder  
  142  10:27  Marauder  
  150  10:31  SCV  
  150  10:32  SCV x2  
  150  10:33  Widow Mine x2  
  156  10:40  Supply Depot x2  
  156  10:43  SCV  
  157  10:56  Marauder, Marine, SCV  
  157  11:01  SCV x2, Marine x4, Viking  
  165  11:05  Command Center  
  161  11:17  Viking  
  161  11:20  Supply Depot  
  161  11:21  Marine x2  
  161  11:22  Marauder, Marine x2  
  161  11:23  Marauder x2  
  171  11:29  Ghost Academy  
  171  11:31  Refinery  
  171  11:32  Refinery  
  171  11:33  Viking  
  171  11:44  Marauder  
  162  11:47  Marauder  
  162  11:49  Marauder, Marine  
  145  11:56  Marine x2  
  132  12:05  Marauder  
  132  12:06  Marine  
  135  12:08  Marauder  
  135  12:10  Marauder  
  136  12:26  Barracks  
  136  12:28  Barracks  
Show
View Real Time Build Order
Export as new Build Order

Hurricane Protoss 

Build Orders: 1 Gate Expand, Blink Stalkers 

Get SALT Encoding   

  12  0:00  Probe  
  13  0:12  Probe  
  14  0:18  Pylon  
  14  0:24  Probe (Chrono Boost)  
  15  0:36  Probe (Chrono Boost)  
  15  0:37  Gateway  
  16  0:45  Probe (Chrono Boost)  
  16  0:46  Assimilator  
  17  0:51  Probe  
  18  1:05  Probe  
  19  1:17  Probe  
  20  1:24  Cybernetics Core  
  20  1:34  Nexus  
  20  1:38  Probe  
  21  1:44  Pylon  
  21  1:52  Assimilator  
  21  1:53  Probe  
  22  1:59  Adept (Chrono Boost)  
  22  2:07  Shield Battery  
  24  2:09  Probe  
  24  2:13  Warp Gate  
  25  2:21  Probe  
  25  2:22  Stalker (Chrono Boost)  
  28  2:33  Probe  
  29  2:39  Twilight Council  
  29  2:47  Probe (Chrono Boost)  
  31  2:51  Probe (Chrono Boost)  
  31  2:57  Probe (Chrono Boost)  
  32  3:00  Probe (Chrono Boost)  
  32  3:02  Probe (Chrono Boost)  
  34  3:10  Probe  
  34  3:11  Blink (Chrono Boost)  
  35  3:14  Probe  
  36  3:22  Probe  
  36  3:26  Probe  
  38  3:28  Robotics Facility  
  38  3:33  Gateway  
  38  3:35  Probe  
  38  3:38  Probe  
  38  3:41  Stalker  
  42  3:44  Pylon  
  42  3:51  Probe  
  42  3:54  Probe  
  42  3:59  Assimilator  
  42  4:03  Probe  
  42  4:06  Probe  
  44  4:10  Nexus  
  44  4:13  Pylon  
  44  4:16  Observer  
  45  4:19  Sentry  
  45  4:21  Probe x2  
  49  4:28  Stalker  
  51  4:31  Forge  
  51  4:33  Probe  
  51  4:36  Shield Battery  
  52  4:41  Observer  
  52  4:44  Stalker  
  54  4:55  Probe x2  
  54  5:00  Pylon  
  54  5:02  Pylon  
  54  5:07  Protoss Ground Weapons Level 1  
  54  5:12  Gateway x2  
  54  5:15  Gateway  
  54  5:18  Probe (Chrono Boost)  
  54  5:19  Observer (Chrono Boost)  
  54  5:20  Stalker x2, Probe (Chrono Boost)  
  61  5:23  Probe (Chrono Boost)  
  61  5:25  Charge (Chrono Boost)  
  62  5:31  Probe (Chrono Boost)  
  64  5:36  Warp Prism (Chrono Boost), Probe (Chrono Boost)  
  64  5:37  Probe x2 (Chrono Boost)  
  68  5:45  Probe  
  68  5:47  Probe  
  68  5:48  Probe  
  68  5:49  Pylon  
  70  5:52  Stalker x2  
  74  5:59  Gateway  
  74  6:01  Gateway  
  74  6:04  Gateway  
  74  6:07  Immortal (Chrono Boost)  
  78  6:14  Shield Battery  
  78  6:15  Shield Battery  
  78  6:17  Sentry x2  
  82  6:20  Stalker  
  84  6:32  Zealot x2  
  88  6:34  Pylon  
  88  6:36  Pylon, Photon Cannon  
  88  6:39  Pylon  
  88  6:44  Zealot x3  
  78  6:54  Stalker x4  
  78  6:58  Zealot  
  82  7:05  Zealot x3  
  72  7:18  Zealot x4  
  72  7:23  Protoss Ground Weapons Level 2  
  72  7:26  Probe x2  
  72  7:34  Robotics Bay  
  72  7:36  Probe  
  73  7:37  Assimilator  
  73  7:38  Probe x2, Observer (Chrono Boost)  
  73  7:42  Stalker  
  78  7:50  Zealot x4  
  86  7:52  Probe x2  
  86  7:56  Immortal (Chrono Boost)  
  88  8:04  Photon Cannon  
  84  8:14  Sentry  
  84  8:15  Stalker  
  88  8:21  Stalker, Zealot x5  
  80  8:42  Zealot x6  
  80  8:43  Zealot  
  80  8:45  Stalker  
  80  8:47  Colossus (Chrono Boost)  
  91  8:53  Probe  
  91  8:54  Probe x2  
  97  9:05  Pylon, Assimilator x2  
  97  9:07  Photon Cannon  
  95  9:20  Stalker, Sentry  
  95  9:21  Stalker, Zealot x2  
  105  9:25  Extended Thermal Lance  
  105  9:32  Stalker  
  105  9:37  Pylon  
  105  9:41  Probe  
  105  9:42  Colossus (Chrono Boost), Probe  
  113  9:50  Zealot x3  
  119  9:54  Zealot  
  115  10:05  Templar Archives  
  113  10:09  Zealot x2  
  113  10:14  Protoss Ground Armor Level 1 (Chrono Boost)  
  115  10:16  Forge  
  115  10:17  Stalker x2  
  119  10:24  Colossus (Chrono Boost)  
  119  10:35  Stalker x2  
  123  10:39  Observer  
  121  10:47  Zealot  
  121  10:48  Zealot x4  
  131  10:53  Stalker, Observer  
  131  11:04  Dark Shrine  
  127  11:13  Disruptor  
  127  11:17  Observer  
  130  11:19  Zealot  
  130  11:23  Pylon x2  
  132  11:27  Nexus  
  132  11:28  Pylon  
  110  11:52  Zealot  
  110  11:53  Zealot x4  
  84  11:57  Stalker x3  
  77  12:11  Probe x3  
  77  12:14  Sentry  
  77  12:15  Sentry  
  84  12:22  Dark Templar  
  86  12:27  Dark Templar  

Tags
 
Add a new tag
Caveats
  • Supply blocks, unpowered buildings, or Contaminate may cause inaccurate times.
  • Supply counts are checked every 10 seconds.